 Dungeon Crawl Stone Soup version 0.31-a0-963-ga325b2283a (webtiles) character file.

Game seed: 17949203607438528440

25 Dirtsage the Slasher (level 2, -8/24 HPs)
             Began as a Demonspawn Fighter on Oct 24, 2023.
             Mangled by a gnoll
             ... wielding a +0 halberd
              (15 damage)
             ... on level 2 of the Dungeon.
             The game lasted 00:00:56 (1048 turns).

Dirtsage the Slasher (Demonspawn Fighter)           Turns: 1048, Time: 00:00:56

Health: -8/24      AC:  6    Str: 16    XL:     2   Next: 86%
Magic:  2/2        EV:  8    Int:  9    God:
Gold:   38         SH:  8    Dex: 12    Spells: 1/1 levels left

rFire   . . .        a - +0 long sword
rCold   . . .        c - +0 buckler
rNeg    . . .        b - +0 scale mail
rPois   .            (no helmet)
rElec   .            (no cloak)
rCorr   .            (no gloves)
SInv    .            (no boots)
Will    .....        (no amulet) Stlth
                     (no ring)
HPRegen 0.24/turn    (no ring)
MPRegen 0.08/turn

%: no passive effects
@: no status effects
A: condensation shield
a: no special abilities


You were on level 2 of the Dungeon.
You visited 1 branch of the dungeon, and saw 2 of its levels.

You collected 38 gold pieces.

Inventory:

Hand Weapons
 a - a +0 long sword (weapon)
Armour
 b - a +0 scale mail (worn)
 c - a +0 buckler (worn)
Scrolls
 f - a scroll of enchant armour {unknown}
 g - 4 scrolls of enchant weapon {unknown}
 h - a scroll of amnesia {unknown}
Potions
 d - a potion of might
 e - a potion of resistance {unknown}


   Skills:
 - Level 3.0 Fighting
 + Level 3.1 Long Blades
 - Level 2.6 Armour
 - Level 2.6 Shields


You had one spell level left.
You didn't know any spells.
Your spell library contained the following spells:

 Spells                   Type           Power      Damage    Failure   Level
 Sting                    Tmut/Pois      0%         1d3       88%         1
 Ensorcelled Hibernation  Hex/Ice        0%         N/A       96%         2
 Passwall                 Tmut/Erth      0%         N/A       96%         2
 Poisonous Vapours        Pois/Air       0%         N/A       96%         2
 Swiftness                Air            0%         N/A       99%         3
 Olgreb's Toxic Radiance  Pois           0%         N/A       100%        4


Dungeon Overview and Level Annotations

Branches:
Dungeon (2/15)

Altars:


Innate Abilities, Weirdness & Mutations

A meltable shield of frost defends you. (SH +4)


Message History

h - a scroll labelled OFUTSANESO
Found a stone staircase leading up.
g - 4 scrolls labelled TOEKOB GANGIETH (gained 3)
There is a stone staircase leading up here.
A rat comes into view.
A rat is nearby!
The rat bites you but does no damage.
You hit the rat but do no damage. The rat bites you but does no damage.
The rat barely misses you.
You closely miss the rat. You block the rat's attack.
You hit the rat.
The rat is heavily wounded.
The rat bites you but does no damage.
You slash the rat!
You kill the rat!
No target in view!
You now have 38 gold pieces (gained 11).
A gnoll comes into view. It is wielding a +0 flail.
The gnoll moves out of view.
A gnoll comes into view. It is wielding a +0 halberd.
You barely miss the gnoll. The gnoll hits you with a +0 flail.
You block the gnoll's attack.
You take 5 damage, and have 19/24 hp.
MASSIVE DAMAGE!!
You closely miss the gnoll. The gnoll closely misses you.
The gnoll hits you from afar with a +0 halberd!
You take 9 damage, and have 10/24 hp.
MASSIVE DAMAGE!!
You are too injured to fight recklessly!
You hit the gnoll.
The gnoll is moderately wounded.
The gnoll barely misses you. The gnoll hits you with a +0 halberd.
* * * LOW HITPOINT WARNING * * *
You take 3 damage, and have 7/24 hp.
You hit the gnoll.
The gnoll is heavily wounded.
You block the gnoll's attack. The gnoll hits you but does no damage.
You hit the gnoll.
The gnoll is almost dead.
The gnoll hits you with a +0 halberd!
Ouch! That really hurt!
You die...

##################
.................#
##.....#######.#
#....)# #.#######
#..g@.# #.......#
......g..#
#######.#
.........# #.#
.........# #.#
....!##### #..
##### ###


You could see 2 gnolls.

Vanquished Creatures
  An adder (D:2)
  2 dart slugs (D:1)
  An endoplasm (D:2)
  2 goblins (D:1)
  A hobgoblin (D:1)
  3 bats
  A frilled lizard (D:1)
  3 rats
14 creatures vanquished.

Notes
Turn   | Place    | Note
-------+----------+-------------------------------------------
     0 | D:1      | Dirtsage the Demonspawn Fighter began the quest for the
                  | Orb.
     0 | D:1      | Reached XP level 1. HP: 18/18 MP: 1/1
   333 | D:1      | Gained mutation: A meltable shield of frost defends you.
                  | (SH +4) [demonic ancestry]
   333 | D:1      | Reached XP level 2. HP: 23/24 MP: 2/2
   671 | D:1      | Found a faded altar of an unknown god.
  1048 | D:2      | Mangled by a gnoll

Illustrated notes

Levels and vault maps discovered:
D:1:      minmay_arrival_wavy_path, layout_basic,
          shapermc_ecumenical_altar_hornbeckon
D:2:      layout_basic

Skill      XL: |  1  2 |
---------------+-------+-----
Long Blades    | 2 3 |  3.1
Fighting       | |  3.0
Armour         | |  2.6
Shields        | |  2.6

Action                     || total
---------------------------++-------
  Melee: Long sword        ||    57
 Armour: Scale mail        ||    38
  Dodge: Dodged            ||    17
  Block: Buckler           ||    22

Table legend: (Time is in decaauts)
 A = Elapsed time spent in this place.
 B = Non-inter-level travel time spent in this place.
 C = Inter-level travel time spent in this place.
 D = Time resting spent in this place.
 E = Time spent auto-exploring this place.
 F = Levels seen in this place.
 G = Mean time per level.
                   A        B        C        D        E       F      G
               +--------+--------+--------+--------+--------+-----+--------+
         Total |   1069 |   1056 |     13 |      0 |    928 |   2 |  534.5 |
       Dungeon |   1069 |   1056 |     13 |      0 |    928 |   2 |  534.5 |
               +--------+--------+--------+--------+--------+-----+--------+

Top non-repeatable levels by time:
     D:1: 788 daAuts
     D:2: 281 daAuts
